 Dungeon Crawl Stone Soup version 0.28.0-45-g0d030f2227 (webtiles) character file.

Game seed: 17855141008658351589

10 terff the Chopper (level 2, 0/27 HPs)
             Began as a Hill Orc Monk on Apr 3, 2022.
             Slain by a ball python (2 damage)
             ... on level 1 of the Dungeon.
             The game lasted 00:01:05 (605 turns).

terff the Chopper (Hill Orc Monk)                    Turns: 605, Time: 00:01:06

Health: 0/27       AC:  3    Str: 13    XL:     2   Next: 20%
Magic:  2/2        EV:  9    Int: 10    God:
Gold:   5          SH:  0    Dex: 13    Spells: 1/1 levels left

rFire   . . .      SeeInvis .   a - +0 hand axe
rCold   . . .      Faith    .   (no shield)
rNeg    . . .      Spirit   .   b - +1 robe
rPois   .          Reflect  .   (no helmet)
rElec   .          Harm     .   (no cloak)
rCorr   .          Rampage  .   (no gloves)
Will    .....                   (no boots)
Stlth   ++........              (no amulet)
HPRegen 0.09/turn               (no ring)
MPRegen 0.08/turn               (no ring)

@: lethally poisoned (0 -> -11), hasted, constricted, very quick
A: no striking features
a: no special abilities


You were on level 1 of the Dungeon.
You visited 1 branch of the dungeon, and saw 1 of its levels.

You collected 5 gold pieces.

Inventory:

Hand Weapons
 a - a +0 hand axe (weapon)
Armour
 b - a +1 robe (worn)
Scrolls
 f - 2 scrolls of identify
Potions
 e - a potion of degeneration


   Skills:
 + Level 3.9 Fighting
 + Level 4.4 Axes
 + Level 2.5 Dodging
 + Level 1.6 Stealth


You had one spell level left.
You didn't know any spells.
Your spell library was empty.

Dungeon Overview and Level Annotations

Branches:
Dungeon (1/15)

Altars:

Shops:
D:1 (


Message History

The kobold barely misses you.
You hit the kobold but do no damage.
A ball python comes into view.
The kobold hits you with a +2 dagger of venom.
The ball python hisses angrily.
You hit the kobold.
The kobold is severely wounded.
You hit the goblin but do no damage. The kobold completely misses you.
The goblin hits you with a +0 dagger.
You closely miss the kobold.
The kobold is severely wounded.
You closely miss the goblin.
The kobold hits you with a +2 dagger of venom.
You are poisoned.
The goblin hits you with a +0 dagger.
You hit the kobold but do no damage.
The kobold is severely wounded.
You barely miss the goblin.
You feel sick.
The kobold hits you with a +2 dagger of venom.
The goblin hits you with a +0 dagger.
You completely miss the kobold.
The kobold is severely wounded.
You hit the goblin but do no damage.
You feel sick. The kobold closely misses you. The goblin barely misses you.
The kobold hits you with a +2 dagger of venom.
You are lethally poisoned!
You miss the kobold.
The kobold is moderately wounded.
You closely miss the goblin. You hit the ball python.
* * * LOW HITPOINT WARNING * * *
You feel very sick. The goblin closely misses you.
The ball python barely misses you. The ball python grabs you.
The ball python constricts you.
The kobold hits you with a +2 dagger of venom.
* * * LOW HITPOINT WARNING * * *
You feel yourself speed up.
* * * LOW HITPOINT WARNING * * *
You feel very sick. The goblin barely misses you. The ball python bites you.
You die...

.. ..# #.# #.# #.# #.#
♣.♣ #.# . ##.###.# #.#
.. #...#♣.♣ #.# ...##
#...##.# #.#
.....##K..#♣.♣ ##.##
.♣.♣.rg@..##.# #...# ###
......S...##.###.#.###..
.♣#♣###...##...).#......
#........#####....
#...####...#...>..
#.....###..#.###..
#####...#.# #....# ###
........#.###.#.######
....♣...........###...


You could see a goblin, a ball python, a kobold and a rat.

Vanquished Creatures
  2 bats (D:1)
  A hobgoblin (D:1)
  A quokka (D:1)
  2 ball pythons (D:1)
  2 goblins (D:1)
  A rat (D:1)
9 creatures vanquished.

Notes
Turn   | Place    | Note
-------+----------+-------------------------------------------
     0 | D:1      | terff the Hill Orc Monk began the quest for the Orb.
     0 | D:1      | Reached XP level 1. HP: 19/19 MP: 1/1
   318 | D:1      | Found Seunaef's Weapon Shoppe.
   324 | D:1      | Reached XP level 2. HP: 23/27 MP: 2/2
   605 | D:1      | Slain by a ball python

Illustrated notes

Levels and vault maps discovered:
D:1:      dpeg_arrival_rooms_c, layout_loops_ring, serial_shops,
          nicolae_diamond_shop, shop,
          nicolae_shop_temple_entry_statues_fountains, serial_forest,
          infiniplex_forest_lined_ring, infiniplex_forest_clump_double,
          infiniplex_forest_lined_3_way, infiniplex_forest_clump_diagonal,
          infiniplex_forest_lined_room_2, infiniplex_forest_lined_3,
          infiniplex_forest_lined_3

Action                   || total
-------------------------++-------
Melee: Hand axe          ||    31
  Use: Scroll            ||     4
       Potion            ||     1
 Stab: Sleeping          ||     1
Armor: Robe              ||     3
Dodge: Dodged            ||    33
